 Dungeon Sprint DCSS version 0.28-a0-773-g130ae17fe5 (webtiles) character file.

Game seed: 10386492476872656267

7656 xpp the Ninja (level 11, 0/103 HPs)
             Began as an Octopode Brigand on Nov 2, 2021.
             Was a High Priest of Hepliaklqana.
             Slain by an iron golem (9 damage)
             ... in the Dungeon (Sprint V: "Ziggurat Sprint").
             The game lasted 00:26:12 (782 turns).

xpp the Ninja (Octopode Brigand)                     Turns: 782, Time: 00:26:13

Health: 0/103      AC: 16    Str: 27    XL:     11   Next: 18%
Magic:  13/14      EV: 21    Int: 24    God:    Hepliaklqana [*****.]
Gold:   0          SH: 11    Dex: 26    Spells: 10/10 levels left

rFire   x . .      SeeInvis .   G - +5 quick blade (protect)
rCold   + + .      Faith    .   D - +3 buckler
rNeg    + . .      Spirit   .   (helmet restricted)
rPois   .          Reflect  .   J - amulet of regeneration
rElec   +          Harm     .   w - ring of flight
rCorr   .          Rampage  .   x - +6 ring of dexterity
Will    .....      Rage     1%  y - +6 ring of dexterity
Stlth   .......... NoTele   +   H - ring "Kasereh" {Wiz rElec rF- rN+ Int+3}
HPRegen 1.27/turn               A - +6 ring of intelligence
MPRegen 0.14/turn               B - +6 ring of strength
                                z - ring of Vewicaupo {AC+4 Str+7 Int+2}
                                M - ring "Potasirgh" {Drain rC++ AC+4}

@: mighty, berserking, under a protective aura, flying, very quick
A: reduced essence, almost no armour, amphibious, 8 rings, camouflage 1,
gelatinous body 1, (nimble swimmer 1), tentacles, berserk 1
a: Renounce Religion, Recall Ancestor, Ancestor Identity, Transference, Idealise


You were in the Dungeon.
You worshipped Hepliaklqana.
Hepliaklqana was extremely pleased with you.
You visited 1 branch

Inventory:

Hand Weapons
 G - a +5 quick blade of protection (weapon)
Missiles
 b - 8 poisoned darts (quivered)
 c - 2 curare-tipped darts
Armour
 D - a +3 buckler (worn)
 E - a +3 tower shield
 N - a +0 buckler of protection
Jewellery
 w - a ring of flight (left tentacle)
 x - a +6 ring of dexterity (right tentacle)
 y - a +6 ring of dexterity (on tentacle)
 z - the ring of Vewicaupo (on tentacle) {AC+4 Str+7 Int+2}
   (You found it in the Dungeon)

   [ring of protection]

   AC:        It affects your AC (+4).
   Str:       It affects your strength (+7).
   Int:       It affects your intelligence (+2).
 A - a +6 ring of intelligence (on tentacle)
 B - a +6 ring of strength (on tentacle)
 H - the ring "Kasereh" (on tentacle) {Wiz rElec rF- rN+ Int+3}
   (You found it in the Dungeon)

   [ring of wizardry]

   It improves your spell success rate.
   Int:       It affects your intelligence (+3).
   rF:        It makes you vulnerable to fire.
   rElec:     It insulates you from electricity.
   rN:        It protects you from negative energy.
 J - an amulet of regeneration (around mantle)
 M - the ring "Potasirgh" (on tentacle) {Drain rC++ AC+4}
   (You found it in the Dungeon)

   [ring of protection]

   AC:        It affects your AC (+4).
   rC:        It greatly protects you from cold.
   Drain:     It drains your maximum health when unequipped.
Wands
 t - a wand of mindburst (4)
Scrolls
 i - 3 scrolls of blinking
 o - 4 scrolls of amnesia
 p - 7 scrolls of fog
 q - a scroll of holy word
 r - 5 scrolls of identify
 s - 2 scrolls of fear
 I - 8 scrolls of enchant weapon
Potions
 d - 9 potions of curing
 e - 3 potions of heal wounds
 f - 9 potions of haste
 g - 7 potions of magic
 h - a potion of berserk rage
 j - 2 potions of brilliance
 k - 2 potions of invisibility
 l - 2 potions of resistance
 n - 2 potions of might
Miscellaneous
 a - a lightning rod (4/4)
 m - a piece from Xom's chessboard (15/15)
 u - a piece from Xom's chessboard (15/15)
 C - a box of beasts (inert)
 F - a condenser vane (inert)
 K - a piece from Xom's chessboard (15/15)
 L - a piece from Xom's chessboard (15/15)


   Skills:
 * Level 8.2 Fighting
 - Level 8.0 Short Blades
 - Level 2.0 Throwing
 * Level 9.2 Dodging
 O Level 27 Stealth
 * Level 10.0 Shields
 * Level 4.0 Invocations
 + Level 2.5 Evocations


You had 10 spell levels left.
You didn't know any spells.
Your spell library contained the following spells:

 Spells                   Type           Power      Damage    Failure   Level
 Slow                     Hex            0%         N/A       6%          1
 Poisonous Vapours        Pois/Air       0%         N/A       9%          2
 Confusing Touch          Hex            0%         N/A       17%         3
 Gell's Gravitas          Tloc           0%         N/A       17%         3
 Lesser Beckoning         Tloc           0%         N/A       17%         3
 Ozocubu's Armour         Ice            0%         N/A       17%         3
 Spider Form              Tmut/Pois      0%         N/A       17%         3
 Teleport Other           Tloc           0%         N/A       17%         3
 Cause Fear               Hex            0%         N/A       47%         4
 Petrify                  Tmut/Erth      0%         N/A       47%         4
 Freezing Cloud           Conj/Ice/Air   0%         6-21      82%         5
 Metabolic Englaciation   Hex/Ice        0%         N/A       82%         5
 Yara's Violent Unravell  Hex/Tmut       0%         3d3       82%         5
 Simulacrum               Ice/Necr       0%         N/A       100%        6
 Statue Form              Tmut/Erth      0%         N/A       100%        6
 Dragon Form              Tmut           0%         N/A       100%        7
 Dragon's Call            Summ           0%         N/A       100%        9
 Polar Vortex             Ice            0%         N/A       100%        9


Dungeon Overview and Level Annotations

Branches:
Dungeon (1/1)

Altars:
Ashenzari
Cheibriados
Dithmenos
Elyvilon
Fedhas
Gozag
Hepliaklqana
Kikubaaqudgha
Makhleb
Nemelex Xobeh
Okawaru
Qazlal
Ru
Sif Muna
Trog
Uskayaw
Vehumet
Wu Jian
Xom
Yredelemnul
Zin
The Shining One
Beogh
Jiyva
Lugonu


Innate Abilities, Weirdness & Mutations

Your life essence is reduced to manifest your ancestor. (-10% HP)
You cannot wear most types of armour.
You are amphibious.
You can wear up to eight rings at the same time.
Your skin changes colour to match your surroundings (Stealth+).
Your rubbery body absorbs attacks. (AC +1, EV +1)
((You are camouflaged near water. (Stealth+)))
You have tentacles for arms and can constrict up to eight enemies at once.
You tend to lose your temper in combat.


Message History

You grab the war gargoyle. You squeeze the war gargoyle.
The war gargoyle is lightly damaged.
You constrict the war gargoyle, but do no damage.
The tormentor is engulfed in blazing flames.
You block the war gargoyle's attack. The iron golem misses you.
The iron golem barely misses you.
You completely miss the war gargoyle. You squeeze the war gargoyle!
The war gargoyle is heavily damaged.
You constrict the war gargoyle, but do no damage.
The iron golem misses you. The iron golem closely misses you.
You block the ancient champion's attack.
You hit the war gargoyle but do no damage.
You squeeze the war gargoyle!
The war gargoyle is severely damaged.
You constrict the war gargoyle, but do no damage.
You hit the war gargoyle but do no damage.
You squeeze the war gargoyle!
You destroy the war gargoyle!
Your lightning rod (4/4) has regained one charge.
Your Fighting skill increases to level 8!
Your Dodging skill increases to level 9!
Your Shields skill increases to level 10!
Your Invocations skill increases to level 4!
Your Evocations skill increases to level 2!
You hit the iron golem but do no damage.
You hit the iron golem.
You squeeze the iron golem, but do no damage.
The iron golem is lightly damaged.
The ancient champion hits you with a +0 battleaxe.
* * * LOW HITPOINT WARNING * * *
The iron golem barely misses you. You block the iron golem's attack.
The ancient champion is engulfed in blazing flames.
You puncture the iron golem!
You squeeze the iron golem, but do no damage.
The iron golem is lightly damaged.
You puncture the iron golem! You squeeze the iron golem!!
The iron golem is lightly damaged.
A quicksilver elemental comes into view.
The iron golem hits you!
You die...

▓..}||.|..▓
▓..|)[!E..▓...|[.[..▓
▓.§§§§§.9.▓.........▓
▓.§§§§§..§▓.........▓
▓.§§§§☼..§▓.........▓
▓....z...§▓.........▓
▓.....2..9▓.▓.....▓.▓
▓.▓...99▓9▓....©....▓
▓....©.z@)▓▓▓▓▓▓▓▓▓▓▓
▓▓▓▓▓▓▓▓▓▓▓


You could see 3 iron golems, a quicksilver elemental, 2 ancient champions, a war
gargoyle and a tormentor.

Vanquished Creatures
  An Executioner (D)
  A war gargoyle (D)
  A hell hog (D)
  A deep elf pyromancer (D)
  A deep elf zephyrmancer (D)
  An efreet (D)
  A cane toad (D)
  A jumping spider (D)
  A slime creature (D)
  A raiju (D)
  4 spriggans (D)
  A large abomination (D)
  A golden eye (D)
  2 neqoxecs (D)
  A water moccasin (D)
  A hell hound (D)
  2 black bears (D)
  7 wolves (D)
  2 scorpions (D)
  A small abomination (D)
  2 quasits (D)
  A crimson imp (D)
  3 jellies (D)
  An iguana (D)
  An adder (D)
  A river rat (D)
  2 shadow imps (D)
  A white imp (D)
  2 ufetubi (D)
  2 ball pythons (D)
  A fire vortex (D)
49 creatures vanquished.

Vanquished Creatures (collateral kills)
  A spriggan (D)
  A hornet (D)
  A black bear (D)
  A small abomination (D)
  A fire vortex (D)
5 creatures vanquished.

Vanquished Creatures (others)
  2 hexers (D)
  An ancestor (D)
  2 fire vortices (D)
5 creatures vanquished.

Grand Total: 59 creatures vanquished

Notes
Turn   | Place    | Note
-------+----------+-------------------------------------------
     0 | D        | xpp the Octopode Brigand began the quest for the Orb.
     0 | D        | Reached XP level 1. HP: 14/14 MP: 1/1
     2 | D        | Found a shimmering blue altar of Sif Muna.
     2 | D        | Found a sacrificial altar of Ru.
     2 | D        | Found a bloodstained altar of Trog.
     2 | D        | Found a stormy altar of Qazlal.
     2 | D        | Found an iron altar of Okawaru.
     2 | D        | Found a sparkling altar of Nemelex Xobeh.
     2 | D        | Found a blossoming altar of Fedhas.
     2 | D        | Found the +6 Majin-Bo {vamp, MP+6 Int+6}
     2 | D        | Found the +9 heavy crossbow "Sniper" {vorpal, Acc+∞ SInv}
     2 | D        | Found the +10 dark maul {vorpal}
     2 | D        | Found the +15 Maxwell's patent armour {-Cast -Tele rElec
                  | Will+ rCorr}
     2 | D        | Found the +18 shield of the Gong {rElec rN+ Will+ EV-5}
     2 | D        | Found the +14 obsidian axe {vorpal, Mesm Drain Fly SInv}
     2 | D        | Found the +7 great mace "Firestarter" {inner flame, rF++}
     2 | D        | Found the +6 shillelagh "Devastator" {shatter}
     2 | D        | Found the +11 plutonium sword {Contam Stlth-}
     2 | D        | Found the +8 lance "Wyrmbane" {slay drac, rPois rF+ rC+
                  | AC+3}
     2 | D        | Found the +9 sword of Zonguldrok {reap}
     2 | D        | Found the +13 scythe of Curses {drain, Drain}
     2 | D        | Found the +5 sword of Power {vorpal}
     2 | D        | Found the +7 mace of Variability {chain chaos}
     2 | D        | Found the +7 Singing Sword {vorpal, sonic wave}
     2 | D        | Found the +8 storm bow {elec, penet}
     4 | D        | Found a transporter.
     4 | D        | Found an ancient bone altar of Kikubaaqudgha.
     4 | D        | Found a viscous altar of Jiyva.
     4 | D        | Found a corrupted altar of Lugonu.
     4 | D        | Found a hazy altar of Hepliaklqana.
     4 | D        | Found a burning altar of Makhleb.
     4 | D        | Found an opulent altar of Gozag.
    80 | D        | Reached skill level 11 in Stealth
    80 | D        | Reached XP level 2. HP: 19/19 MP: 2/2
    86 | D        | Became a worshipper of Hepliaklqana the Forgotten
    92 | D        | Entered arena 2.
    92 | D        | Noticed a deep elf pyromancer
    92 | D        | Noticed a deep elf zephyrmancer
    92 | D        | Found a transporter.
    95 | D        | Killed a deep elf zephyrmancer
    96 | D        | Reached skill level 19 in Stealth
    96 | D        | Reached XP level 3. HP: 26/26 MP: 3/3
    96 | D        | Reached XP level 4. HP: 31/31 MP: 4/4
    96 | D        | Reached XP level 5. HP: 36/36 MP: 5/5
    96 | D        | Reached XP level 6. HP: 42/42 MP: 6/6
    97 | D        | Killed a deep elf pyromancer
    98 | D        | Reached skill level 22 in Stealth
    98 | D        | Reached XP level 7. HP: 48/48 MP: 7/7
   103 | D        | Entered arena 3.
   103 | D        | Noticed a jumping spider
   103 | D        | Reached * piety under Hepliaklqana
   103 | D        | Found a transporter.
   108 | D        | Killed a jumping spider
   109 | D        | Reached skill level 1 in Shields
   109 | D        | Reached XP level 8. HP: 48/48 MP: 8/8
   110 | D        | Reached skill level 23 in Stealth
   118 | D        | Entered arena 4.
   118 | D        | Noticed a spriggan
   118 | D        | Noticed a spriggan
   118 | D        | Noticed a spriggan
   118 | D        | Found a transporter.
   122 | D        | Killed a spriggan
   129 | D        | Reached skill level 24 in Stealth
   130 | D        | Killed a spriggan
   135 | D        | Killed a spriggan
   136 | D        | Reached XP level 9. HP: 29/53 MP: 9/9
   275 | D        | Entered arena 5.
   275 | D        | Reached ** piety under Hepliaklqana
   275 | D        | Found a transporter.
   281 | D        | Reached skill level 25 in Stealth
   287 | D        | Got the Disquisition on Changing and Poisoning
   329 | D        | Remembered your ancestor Ælfric as a hexer
   330 | D        | Entered arena 6.
   330 | D        | Reached *** piety under Hepliaklqana
   330 | D        | Found a transporter.
   351 | D        | Got the ring "Kasereh" {Wiz rElec rF- rN+ Int+3}
   410 | D        | Entered arena 7.
   410 | D        | Noticed a cane toad
   411 | D        | Found a transporter.
   418 | D        | Reached skill level 26 in Stealth
   425 | D        | Killed a cane toad
   426 | D        | Reached skill level 5 in Fighting
   426 | D        | Reached skill level 5 in Short Blades
   549 | D        | Entered arena 8.
   549 | D        | Noticed a hell hog
   549 | D        | Reached **** piety under Hepliaklqana
   559 | D        | Killed a hell hog
   560 | D        | Reached skill level 27 in Stealth
   560 | D        | Reached skill level 5 in Shields
   560 | D        | Reached XP level 10. HP: 51/59 MP: 10/10
   567 | D        | Found a transporter.
   586 | D        | Got the ring "Potasirgh" {Drain rC++ AC+4}
   603 | D        | Entered arena 9.
   604 | D        | Found a transporter.
   612 | D        | Reached skill level 5 in Dodging
   624 | D        | Got the ring of Vewicaupo {AC+4 Str+7 Int+2}
   638 | D        | Entered arena 10.
   638 | D        | Noticed a spriggan rider
   638 | D        | Reached ***** piety under Hepliaklqana
   639 | D        | Found a transporter.
   661 | D        | Killed a spriggan rider
   682 | D        | Entered arena 11.
   682 | D        | Noticed an Executioner
   683 | D        | Gained mutation: You tend to lose your temper in combat. [a
                  | neqoxec]
   687 | D        | Found a transporter.
   702 | D        | Killed an Executioner
   703 | D        | Reached skill level 1 in Evocations
   703 | D        | Reached XP level 11. HP: 68/68 MP: 10/13
   760 | D        | Entered arena 12.
   760 | D        | Noticed an ancient champion
   760 | D        | Noticed an iron golem
   760 | D        | Noticed an iron golem
   760 | D        | Noticed a war gargoyle
   760 | D        | Noticed an iron golem
   771 | D        | Noticed a war gargoyle
   771 | D        | Noticed an ancient champion
   778 | D        | Killed a war gargoyle
   779 | D        | Reached skill level 10 in Shields
   782 | D        | Noticed a quicksilver elemental
   782 | D        | Slain by an iron golem

Illustrated notes

Levels and vault maps discovered:
D:        sprint_v [room_start, room_1, room_2, room_3, room_4, room_5, room_6,
          room_7, room_8, room_9, room_10, room_11, room_12, room_13, room_14,
          room_15, room_16, room_17, room_18, room_19, room_20, room_21,
          room_22, room_23, room_24, room_25, room_26, room_27]

Skill      XL: |  1  2  3  4  5  6  7  8  9 10 11 |
---------------+----------------------------------+-----
Stealth        | 11 19 22 24 27 | 27.0
Fighting       | 3 4 5 7 8 |  8.2
Short Blades   | 3 4 5 8 |  8.0
Dodging        | 2 4 8 9 |  9.2
Shields        | 1 3 5 9 10 | 10.0
Invocations    | 2 4 |  4.0
Evocations     | 1 2 |  2.5
Throwing       | |  2.0

Action                   |  1- 3 |  4- 6 |  7- 9 | 10-12 || total
-------------------------+-------+-------+-------+-------++-------
Melee: Quick blade       |     1 |     1 |    39 |    65 ||   106
       Tentacles         |       |       |    17 |    26 ||    43
       Constrict         |       |       |     7 |    10 ||    17
Invok: Ancestor Life: He |       |       |     1 |       ||     1
Evoke: Wand              |       |       |     6 |    11 ||    17
       Box of beasts     |       |       |       |     1 ||     1
       Lightning rod     |       |       |       |     1 ||     1
       Condenser vane    |       |       |       |     1 ||     1
  Use: Potion            |     1 |       |     7 |     9 ||    17
       Scroll            |       |       |     1 |     1 ||     2
 Stab: Sleeping          |     1 |     1 |     4 |       ||     6
       Distracted        |       |       |     1 |     1 ||     2
       Confused          |       |       |     1 |       ||     1
Armor: Skin              |       |       |     7 |    13 ||    20
Dodge: Dodged            |       |       |    15 |    54 ||    69
Block: Buckler           |       |       |    16 |    39 ||    55

Table legend: (Time is in decaauts)
 A = Elapsed time spent in this place.
 B = Non-inter-level travel time spent in this place.
 C = Inter-level travel time spent in this place.
 D = Time resting spent in this place.
 E = Time spent auto-exploring this place.
 F = Levels seen in this place.
 G = Mean time per level.
                   A        B        C        D        E       F      G
               +--------+--------+--------+--------+--------+-----+--------+
         Total |    701 |    701 |      0 |    333 |      0 |   1 |  701.0 |
       Dungeon |    701 |    701 |      0 |    333 |      0 |   1 |  701.0 |
               +--------+--------+--------+--------+--------+-----+--------+

Top non-repeatable levels by time:
       D: 701 daAuts
